 Dungeon Crawl Stone Soup version 0.20.1-1-g8b1a95d (webtiles) character file.

29367 Gargoyl the Cleaver (level 13, -1/114 HPs)
             Began as a Minotaur Abyssal Knight on Aug 30, 2017.
             Was a High Priest of Lugonu.
             Slain by a dire elephant (31 damage)
             ... on level 6 of the Lair of Beasts on Aug 31, 2017.
             The game lasted 00:34:19 (19691 turns).

Gargoyl the Cleaver (Minotaur Abyssal Knight)      Turns: 19691, Time: 00:34:20

Health: -1/114     AC: 14    Str: 21    XL:     13   Next: 14%
Magic:  28/28      EV: 14    Int:  7    God:    Lugonu [*****.]
Gold:   584        SH: 15    Dex: 14    Spells: 12/12 levels left

rFire    . . .     SeeInvis +   f - +4 war axe (flame)
rCold    . . .     Gourm    .   a - +1 shield
rNeg     . . .     Faith    .   d - +3 ring mail of Valiance {-Cast MP+9 Str+3}
rPois    .         Spirit   .   (helmet restricted)
rElec    .         Reflect  +   (no cloak)
rCorr    +         Harm     .   (no gloves)
MR       +....     NoCast   +   e - +2 pair of boots
Stlth    +.........             D - +3 amulet of reflection
Regen    0.3/turn               g - ring of resist corrosion
MPRegen  0.3/turn               F - ring of protection from magic

@: no status effects
A: retaliatory headbutt, horns 2, see invisible, dopey 1
a: Depart the Abyss, Bend Space, Banish, Corrupt, Enter the Abyss, Renounce
Religion


You were on level 6 of the Lair of Beasts.
You worshipped Lugonu.
Lugonu was extremely pleased with you.
You were hungry.

You visited 2 branches of the dungeon, and saw 15 of its levels.
You visited the Abyss 1 time.

You collected 969 gold pieces.
You spent 385 gold pieces at shops.

Inventory:

Hand Weapons
 f - a +4 war axe of flaming (weapon)
 m - a +0 war axe of chopping
Missiles
 I - a javelin (quivered)
Armour
 a - a +1 shield (worn)
 d - the +3 ring mail of Valiance (worn) {-Cast MP+9 Str+3}
   (You found it on level 2 of the Abyss)

   It affects your strength (+3).
   It affects your magic capacity (+9).
   It prevents spellcasting.
 e - a +2 pair of boots (worn)
Jewellery
 g - a ring of resist corrosion (left hand)
 A - an uncursed ring of protection from cold
 D - a +3 amulet of reflection (around neck)
 F - a ring of protection from magic (right hand)
Wands
 h - a wand of confusion (45/48)
 C - a wand of lightning (0/15)
 H - a wand of lightning (10/15)
 J - a wand of lightning (7/15)
 K - a wand of digging (6/24)
Scrolls
 n - 6 scrolls of identify
 q - 5 scrolls of remove curse
 s - 3 scrolls of fear
 y - a scroll of teleportation
 G - a scroll of magic mapping
Potions
 i - 3 potions of lignification
 k - 4 potions of might
 o - 2 potions of ambrosia
 p - 3 potions of brilliance
 r - a potion of agility
 t - 7 potions of curing
 u - 3 potions of cancellation
 w - a potion of haste
 x - a potion of flight
Books
 B - a book of Callings

   Spells                             Type                      Level
   a - Summon Small Mammal            Summoning                    1
   b - Call Imp                       Summoning                    2
   c - Call Canine Familiar           Summoning                    3
   d - Summon Guardian Golem          Hexes/Summoning              3
   e - Summon Lightning Spire         Summoning/Air                4
   f - Summon Ice Beast               Ice/Summoning                4
Comestibles
 b - 10 meat rations
 c - 9 bread rations
 j - 3 royal jellies
 l - 10 fruits


   Skills:
 + Level 10.4 Fighting
 + Level 14.9 Axes
 + Level 1.0 Throwing
 * Level 11.7 Armour
 + Level 7.4 Dodging
 + Level 7.7 Shields
 * Level 10.0 Invocations
 + Level 0.1 Evocations


You had 12 spell levels left.
You didn't know any spells.

Dungeon Overview and Level Annotations

Branches:
Dungeon (9/15)             Temple (0/1) D:7            Lair (6/6) D:9
 Shoals (0/4) Lair:2        Snake (0/4) Lair:3        Slime (0/5) Lair:6
    Orc (0/2) D:9

Altars:
Ashenzari
Okawaru
Ru
Jiyva

Shops:
D:7 !

Annotations:
Lair:2 exclusion: ice statue


Innate Abilities, Weirdness & Mutations

You reflexively headbutt those who attack you in melee.
You have a pair of horns on your head.
You have supernaturally acute eyesight. (SInv)
You are dopey. (Int -2)


Message History

The dire elephant is moderately wounded.
The dire elephant tramples you!!
You stumble backwards!
You hit the dire elephant but do no damage.
You headbutt the dire elephant.
The dire elephant is moderately wounded.
The dire elephant tramples you!
You stumble backwards!
You hit the dire elephant. You burn the dire elephant.
The dire elephant is moderately wounded.
You completely miss the dire elephant.
The dire elephant is moderately wounded.
The dire elephant tramples you!!
You stumble backwards!
You hit the dire elephant but do no damage.
The dire elephant is moderately wounded.
The dire elephant tramples you!!
* * * LOW HITPOINT WARNING * * *
You stumble backwards!
You slash the dire elephant! You burn the dire elephant!
The dire elephant is heavily wounded.
The dire elephant tramples you!!
You die...

#.####..............#...P#
...#...............#.....#
รท...##.............#.....#
.(.#.#...#.#P.#.....#...##
....#..................### ###
.......P.##..............###.#
.......##............#......##
.......#..........##.#......P#
..[.(..........Y@#######.....#
........(..####### ##..###
.....(.(#### #...# .........#
#..#### .....##### #...#.#
.....# ##....## .#.###
#P.....# ##.#.# ##....##
##...# #....##


You could see a dire elephant.

Vanquished Creatures
  A hydra (Lair:6)
  An anaconda (Lair:6)
  A catoblepas (Lair:5)
  Urug (Lair:3)
  The ghost of supermoro the Conjurer, a novice DrCj of Vehumet (D:6)
  9 elephants
  2 black mambas
  10 spiny frogs
  The ghost of Toogi the Skirmisher, a novice FoCK of Yredelemnul (D:5)
  5 komodo dragons
  A rime drake (Lair:1)
  The ghost of Gargoyl the Covered, an amateur MiAK of Lugonu (D:4)
  A troll (D:9)
  3 polar bears
  Prince Ribbit (D:8)
  14 blink frogs
  A snapping turtle (Lair:2)
  7 hippogriffs
  7 basilisks
  2 hungry ghosts
  9 yaks
  Eustachio (D:5)
  A naga (Lair:3)
  14 water moccasins
  5 orc warriors
  6 porcupines
  A black bear (D:5)
  4 ice beasts
  The ghost of ikselatri the Chopper, an amateur MiBe of Trog (D:3)
  3 phantoms
  8 ogres
  18 wolves
  A centaur (D:9)
  13 crocodiles
  A big kobold (D:8)
  12 bullfrogs
  2 scorpions
  3 killer bees (D:8)
  A wight (D:5)
  A howler monkey (D:4)
  5 crimson imps
  3 orc priests
  2 gnoll shamans (D:5)
  A jelly (D:9)
  2 bullfrog skeletons
  4 hounds
  9 orc wizards
  Ijyb (D:3)
  4 iguanas
  3 worker ants
  A hound skeleton (D:4)
  10 adders
  30 gnolls (D:5)
  A shadow imp (D:5)
  2 white imps (Lair:2)
  2 adder skeletons
  6 worms
  A dart slug (D:2)
  7 leopard geckos
  38 orcs
  7 bats
  4 giant cockroaches
  9 goblins
  16 hobgoblins
  26 jackals
  15 kobolds
  2 quokkas
  2 frilled lizards
  A giant cockroach zombie (D:5)
  9 rats
  A lurking horror (Abyss:2)
399 creatures vanquished.

Vanquished Creatures (collateral kills)
  A water moccasin (Lair:1)
1 creature vanquished.

Vanquished Creatures (others)
  An ice dragon (Lair:2)
  The ghost of FollowTheCloud the Fighter, a journeyman DsGl of Okawaru (D:9)
  An ice beast (Lair:2)
  2 fungi (Lair:2)
  A lurking horror (Abyss:1)
  6 plants
12 creatures vanquished.

Grand Total: 412 creatures vanquished

Notes
Turn   | Place    | Note
-------+----------+-------------------------------------------
     0 | Abyss:1  | Gargoyl the Minotaur Abyssal Knight began the quest for the Orb.
     0 | Abyss:1  | Reached XP level 1. HP: 19/19 MP: 1/1
    23 | Abyss:1  | Found a corrupted altar of Lugonu.
   111 | Abyss:1  | Noticed a small abomination
   111 | Abyss:1  | Noticed a blizzard demon
   125 | Abyss:2  | Got a spiked ring mail
   136 | Abyss:2  | Identified the +3 ring mail of Valiance {-Cast MP+9 Str+3} (You found it on level 2 of the Abyss)
   154 | Abyss:2  | Found an opulent altar of Gozag.
   203 | Abyss:2  | Noticed a small abomination
   209 | D:1      | Escaped the Abyss
   437 | D:1      | Reached * piety under Lugonu
   463 | D:1      | Reached XP level 2. HP: 27/27 MP: 2/2
   740 | D:1      | Reached XP level 3. HP: 32/33 MP: 3/3
  1174 | D:2      | Reached skill level 3 in Axes
  1174 | D:2      | Reached ** piety under Lugonu
  1447 | D:2      | Reached XP level 4. HP: 39/41 MP: 4/4
  1831 | D:3      | Found an iron altar of Okawaru.
  2005 | D:3      | Noticed ikselatri's ghost (amateur MiBe)
  2030 | D:3      | HP: 2/41 [ikselatri's ghost (8)]
  2353 | D:2      | Reached XP level 5. HP: 18/47 MP: 5/5
  3277 | D:4      | Noticed Gargoyl's ghost (amateur MiAK)
  3278 | D:4      | Noticed Ijyb
  3291 | D:3      | Killed Ijyb
  3351 | D:4      | Noticed an ogre
  3352 | D:4      | Reached skill level 4 in Axes
  3358 | D:4      | Killed an ogre
  3358 | D:4      | Reached XP level 6. HP: 30/55 MP: 7/7
  3545 | D:3      | Killed ikselatri's ghost
  3545 | D:3      | Reached skill level 5 in Armour
  3599 | D:3      | Reached *** piety under Lugonu
  3599 | D:3      | Reached skill level 5 in Fighting
  3726 | D:4      | Reached skill level 5 in Axes
  3733 | D:4      | Reached XP level 7. HP: 58/61 MP: 8/8
  3969 | D:4      | Killed Gargoyl's ghost
  3969 | D:4      | Reached skill level 6 in Axes
  4403 | D:5      | Entered Level 5 of the Dungeon
  4554 | D:5      | Reached skill level 7 in Axes
  4554 | D:5      | Reached XP level 8. HP: 42/68 MP: 10/10
  4612 | D:5      | Noticed Toogi's ghost (novice FoCK)
  4624 | D:5      | Killed Toogi's ghost
  4798 | D:5      | Reached **** piety under Lugonu
  4939 | D:5      | Reached skill level 8 in Axes
  5460 | D:5      | Reached skill level 5 in Invocations
  5521 | D:5      | Found a shattered altar of Ashenzari.
  6247 | D:6      | Noticed Eustachio
  6256 | D:5      | Killed Eustachio
  6256 | D:5      | Reached skill level 9 in Axes
  6256 | D:5      | Reached XP level 9. HP: 63/78 MP: 11/11
  6549 | D:6      | Reached ***** piety under Lugonu
  6596 | D:6      | Noticed supermoro's ghost (novice DrCj)
  6681 | D:6      | Killed supermoro's ghost
  6977 | D:6      | Reached skill level 10 in Axes
  7116 | D:6      | Gained mutation: You evolve. [potion of mutation]
  7116 | D:6      | Gained mutation: Scrolls take you a little longer to read. [potion of mutation]
  7116 | D:6      | Gained mutation: Your magical capacity is low. (-10% MP) [potion of mutation]
  7116 | D:6      | Gained mutation: Your mind is acute. (Int +2) [potion of mutation]
  7228 | D:6      | Reached skill level 1 in Shields
  7296 | D:7      | Found Zoshrea's Distillery.
  7356 | D:7      | Bought a potion of mutation for 88 gold pieces
  7356 | D:7      | Lost mutation: Your magical capacity is low. (-10% MP) [potion of mutation]
  7356 | D:7      | Lost mutation: Scrolls take you a little longer to read. [potion of mutation]
  7356 | D:7      | Lost mutation: You evolve. [potion of mutation]
  7356 | D:7      | Lost mutation: Your mind is acute. (Int +2) [potion of mutation]
  7356 | D:7      | Gained mutation: You are weak. (Str -2) [potion of mutation]
  7356 | D:7      | Gained mutation: You are partially covered in iridescent scales. (AC +2) [potion of mutation]
  7356 | D:7      | Gained mutation: You evolve. [potion of mutation]
  7403 | D:7      | Bought a potion of curing for 33 gold pieces
  7403 | D:7      | Bought a potion of curing for 33 gold pieces
  7403 | D:7      | Bought a potion of curing for 33 gold pieces
  7403 | D:7      | Bought a potion of curing for 33 gold pieces
  7403 | D:7      | Bought a potion of curing for 33 gold pieces
  7403 | D:7      | Bought a potion of might for 44 gold pieces
  7403 | D:7      | Bought a potion of ambrosia for 88 gold pieces
  7414 | D:7      | Found a staircase to the Ecumenical Temple.
  7643 | D:7      | Found a sacrificial altar of Ru.
  8139 | D:8      | Noticed Prince Ribbit
  8547 | D:8      | Reached XP level 10. HP: 84/84 MP: 13/13
  8970 | D:8      | Killed Prince Ribbit
  9209 | D:9      | Reached skill level 11 in Axes
  9274 | D:9      | Noticed FollowTheCloud's ghost (journeyman DsGl)
  9288 | D:9      | Banished FollowTheCloud's ghost
  9483 | D:9      | Reached skill level 5 in Dodging
  9706 | D:9      | Found a staircase to the Orcish Mines.
 10129 | D:9      | Noticed an elephant
 10130 | D:9      | Found a staircase to the Lair.
 10143 | D:9      | Killed an elephant
 10143 | D:9      | Reached skill level 12 in Axes
 10350 | D:9      | Lost mutation: You are weak. (Str -2) [evolution]
 10350 | D:9      | Lost mutation: You evolve. [end of evolution]
 10879 | Lair:1   | Entered Level 1 of the Lair of Beasts
 10886 | Lair:1   | Reached XP level 11. HP: 50/94 MP: 15/15
 12597 | Lair:2   | Noticed an ice dragon
 12604 | Lair:2   | Banished an ice dragon
 12604 | Lair:2   | Reached skill level 10 in Armour
 13132 | Lair:2   | Reached skill level 13 in Axes
 13132 | Lair:2   | Reached skill level 5 in Shields
 13825 | Lair:2   | Found a staircase to the Shoals.
 14558 | Lair:3   | Noticed Urug
 14576 | Lair:3   | Killed Urug
 14576 | Lair:3   | Reached XP level 12. HP: 92/104 MP: 17/17
 14976 | Lair:3   | Got a fine ring mail
 14987 | Lair:3   | Identified the cursed +1 ring mail of the Good {rElec MR+} (You found it on level 3 of the Lair of Beasts)
 15493 | Lair:3   | Found a staircase to the Snake Pit.
 15737 | Lair:3   | Reached skill level 14 in Axes
 15917 | Lair:4   | Reached skill level 1 in Throwing
 17279 | Lair:5   | Noticed a catoblepas
 17295 | Lair:5   | Killed a catoblepas
 17295 | Lair:5   | Reached skill level 10 in Fighting
 17826 | Lair:6   | Entered Level 6 of the Lair of Beasts
 18398 | Lair:6   | Found a viscous altar of Jiyva.
 18399 | Lair:6   | Found a staircase to the Slime Pits.
 18832 | Lair:6   | Reached XP level 13. HP: 101/113 MP: 19/19
 19042 | Lair:6   | Reached ****** piety under Lugonu
 19086 | Lair:6   | Noticed a dire elephant
 19102 | Lair:6   | Reached skill level 10 in Invocations
 19143 | Lair:6   | Noticed a dire elephant
 19553 | Lair:5   | Lost mutation: You are partially covered in iridescent scales. (AC +2) [potion of mutation]
 19553 | Lair:5   | Gained mutation: You are dopey. (Int -2) [potion of mutation]
 19553 | Lair:5   | Gained mutation: You have supernaturally acute eyesight. (SInv) [potion of mutation]
 19680 | Lair:6   | Noticed a dire elephant
 19691 | Lair:6   | Slain by a dire elephant

Skill      XL: |  1  2  3  4  5  6  7  8  9 10 11 12 13 |
---------------+----------------------------------------+-----
Fighting       | 4 5 6 8 9 10 | 10.4
Invocations    | 2 3 4 5 6 7 8 9 10 | 10.0
Axes           | 3 4 5 7 9 10 12 13 14 | 14.9
Armour         | 3 4 5 6 7 8 9 10 11 | 11.7
Dodging        | 2 3 4 5 6 7 |  7.4
Shields        | 2 4 5 7 |  7.7
Throwing       | 1 |  1.0
Evocations     | |  0.1

Action                   |  1- 3 |  4- 6 |  7- 9 | 10-12 | 13-15 || total
-------------------------+-------+-------+-------+-------+-------++-------
Melee: War axe           |    62 |    82 |   300 |   579 |    58 ||  1081
       Hand axe          |     2 |       |       |       |       ||     2
       Headbutt          |     5 |    13 |    43 |   137 |    13 ||   211
Throw: Javelin           |       |       |       |     5 |     8 ||    13
Invok: Depart the Abyss  |     1 |       |       |       |       ||     1
       Banish            |       |       |       |     4 |     4 ||     8
       Bend Space        |       |       |       |       |     2 ||     2
Evoke: Wand              |       |       |     1 |     1 |       ||     2
  Use: Scroll            |     7 |     7 |     8 |    15 |     5 ||    42
       Potion            |     1 |     4 |     6 |     1 |     4 ||    16
 Stab: Petrified         |       |       |       |     3 |       ||     3
       Petrifying        |       |       |       |     1 |       ||     1
  Eat: Chunk             |     2 |     5 |    10 |    33 |     3 ||    53
       Royal jelly       |       |     1 |       |       |       ||     1
       Bread ration      |       |       |     1 |     1 |       ||     2
Armor: Ring mail         |    38 |    50 |   180 |   203 |    27 ||   498
Dodge: Dodged            |    38 |    74 |   194 |   230 |    33 ||   569
Block: Buckler           |       |       |    11 |       |       ||    11
       Shield            |       |       |    47 |   358 |    36 ||   441
       Reflection        |       |       |       |     2 |       ||     2
